Map: Emerald City LE

Players

Massa - Winner!

  • Race: Terran Terran
  • League: Platinum
  • Spawn Location: 11:00

qqq - Winner!

  • Race: Protoss Protoss
  • Spawn Location: 11:00

Baubbles

  • Race: Protoss Protoss
  • Spawn Location: 5:00

dulongvong

  • Race: Terran Terran
  • Spawn Location: 5:00

VOD

Have the link to the VOD?

Description

Time

  • Played on: Oct. 4, 2020, 11:06 a.m.
  • Length: 6:25
Show
View Real Time Build Order
Export as new Build Order

Massa Terran - Winner!

Build Orders:  

Get SALT Encoding   

  12  0:00  SCV  
  13  0:12  SCV  
  14  0:21  Supply Depot  
  14  0:24  SCV  
  15  0:30  Refinery  
  15  0:43  SCV  
  15  0:45  Barracks  
  16  0:55  SCV  
  17  1:07  SCV  
  18  1:19  SCV  
  19  1:31  SCV  
  20  1:34  Reaper  
  20  1:39  Command Center  
  21  1:50  Orbital Command  
  21  2:06  Marine  
  22  2:13  Supply Depot  
  22  2:21  Factory  
  22  2:28  SCV  
  23  2:31  Barracks Reactor  
  23  2:38  Supply Depot  
  23  2:40  SCV  
  24  2:52  Orbital Command, SCV  
  25  3:02  Engineering Bay, Supply Depot  
  25  3:14  Hellion x2  
  25  3:17  SCV x2  
  31  3:25  Barracks Tech Lab  
  31  3:29  SCV x2  
  33  3:38  Starport  
  33  3:41  SCV, Missile Turret  
  33  3:42  SCV  
  33  3:45  Stimpack  
  35  3:51  Hellion x2  
  35  3:53  SCV  
  35  3:54  SCV  
  41  3:58  Marauder  
  43  4:06  SCV x2  
  43  4:09  Refinery  
  45  4:14  Widow Mine  
  47  4:18  SCV  
  47  4:19  Marauder  
  50  4:27  Missile Turret  
  50  4:29  Missile Turret  
  50  4:32  Missile Turret  
  50  4:35  Missile Turret  
  50  4:44  Widow Mine  
  52  4:47  Marauder  
  52  4:51  Refinery  
  54  4:57  Barracks  
  54  5:00  Barracks  
  54  5:02  Refinery, SCV x2  
  56  5:14  SCV x2  
  50  5:44  Marauder  
  50  5:47  Barracks Reactor  
  50  5:48  Hellion  
  50  5:49  Hellion  
Show
View Real Time Build Order
Export as new Build Order

qqq Protoss - Winner!

Build Orders: Phoenix Opening, Mass Phoenix 

Get SALT Encoding   

  12  0:00  Probe  
  13  0:15  Pylon  
  13  0:26  Probe  
  14  0:38  Probe  
  14  0:40  Gateway  
  15  0:51  Probe  
  15  0:55  Pylon  
  16  1:03  Probe  
  17  1:15  Probe  
  18  1:27  Probe  
  19  1:46  Probe  
  20  1:47  Cybernetics Core  
  20  1:49  Nexus  
  20  1:54  Assimilator  
  20  1:58  Probe  
  20  2:00  Assimilator  
  21  2:10  Probe  
  23  2:22  Probe  
  23  2:34  Stalker  
  23  2:35  Probe (Chrono Boost)  
  27  2:45  Probe (Chrono Boost)  
  27  2:50  Probe (Chrono Boost)  
  28  3:01  Probe (Chrono Boost)  
  28  3:02  Stargate, Pylon  
  28  3:04  Probe (Chrono Boost)  
  30  3:14  Probe (Chrono Boost)  
  30  3:16  Probe (Chrono Boost)  
  32  3:22  Probe (Chrono Boost)  
  32  3:23  Probe (Chrono Boost)  
  34  3:27  Probe  
  34  3:30  Probe  
  34  3:33  Stargate  
  36  3:38  Assimilator  
  36  3:39  Probe  
  37  3:42  Assimilator  
  37  3:43  Probe  
  38  3:51  Probe, Phoenix  
  38  3:55  Probe  
  42  4:03  Probe  
  42  4:07  Probe  
  44  4:16  Probe  
  45  4:19  Probe  
  45  4:20  Phoenix x2  
  50  4:31  Probe  
  50  4:35  Protoss Air Weapons Level 1 (Chrono Boost)  
  49  4:43  Probe  
  49  4:44  Forge  
  52  4:46  Phoenix (Chrono Boost)  
  52  4:52  Phoenix (Chrono Boost)  
  54  4:59  Pylon  
  54  5:01  Pylon  
  54  5:02  Nexus  
  54  5:10  Phoenix  
  54  5:18  Phoenix  
  55  5:35  Phoenix  
  57  5:43  Phoenix  
  57  5:44  Probe  
  60  5:52  Nexus  
  60  5:53  Pylon  
  60  5:55  Pylon  
  60  5:58  Pylon  
  60  6:08  Fleet Beacon  
  60  6:10  Pylon  
Show
View Real Time Build Order
Export as new Build Order

Baubbles Protoss 

Build Orders:  

Get SALT Encoding   

  12  0:01  Probe  
  13  0:17  Pylon  
  13  0:19  Probe  
  14  0:31  Probe  
  15  0:40  Gateway  
  15  0:46  Assimilator  
  15  0:54  Pylon  
  15  0:57  Probe  
  16  1:09  Probe  
  17  1:21  Probe  
  18  1:28  Cybernetics Core  
  18  1:29  Gateway  
  18  1:33  Probe  
  19  1:55  Assimilator  
  19  1:56  Probe  
  20  2:08  Probe  
  20  2:25  Stargate  
  20  2:28  Probe  
  21  2:33  Zealot  
  23  2:40  Probe  
  24  2:44  Pylon  
  24  2:58  Probe  
  24  3:00  Void Ray (Chrono Boost)  
  29  3:28  Stargate  
  29  3:30  Void Ray (Chrono Boost)  
  33  3:58  Void Ray (Chrono Boost)  
  37  4:13  Pylon  
  37  4:20  Nexus  
  37  4:29  Assimilator  
  37  4:39  Void Ray  
  37  4:44  Pylon  
  41  4:46  Pylon  
  27  5:39  Probe  
  27  5:41  Forge  
  28  5:51  Probe  
  29  5:57  Phoenix  
  29  5:59  Gateway  
  29  6:02  Gateway x2  
  35  6:11  Probe  
Show
View Real Time Build Order
Export as new Build Order

dulongvong Terran 

Build Orders:  

Get SALT Encoding   

  12  0:02  SCV  
  13  0:17  SCV  
  13  0:20  Supply Depot  
  14  0:29  Refinery, SCV  
  15  0:44  Barracks  
  15  0:48  SCV  
  16  1:00  SCV  
  17  1:12  SCV  
  18  1:26  SCV  
  19  1:39  Barracks Reactor  
  19  1:46  Orbital Command  
  19  1:52  Factory  
  18  2:01  Supply Depot  
  18  2:07  Command Center  
  18  2:22  Marine x2  
  20  2:31  SCV  
  21  2:37  Factory Tech Lab  
  21  2:42  Marine x2  
  21  2:43  SCV  
  24  2:48  Starport  
  24  3:00  Marine x2  
  26  3:13  Refinery  
  26  3:19  Orbital Command  
  26  3:22  Siege Tank  
  26  3:24  Marine x2  
  31  3:54  Medivac  
  31  3:55  Orbital Command, Marine x2  
  33  4:00  Engineering Bay  
  35  4:18  Marine x2  
  35  4:20  Siege Tank  
  40  4:32  Starport Reactor  
  40  4:35  SCV x2  
  42  4:44  Marine x2  
  44  4:47  SCV x2  
  44  4:51  Refinery  
  46  4:58  Missile Turret  
  46  5:06  Supply Depot  
  46  5:20  Missile Turret  
  46  5:28  SCV x2  
  45  5:29  Supply Depot  
  33  5:40  SCV x2  
  33  5:51  Missile Turret  
  33  5:52  SCV x2, Supply Depot  
  33  5:53  Missile Turret  
  33  5:54  Missile Turret  
  35  5:59  Missile Turret  
  35  6:01  Marine x2  
  35  6:03  Missile Turret  
  40  6:04  SCV, Missile Turret  
  41  6:15  Supply Depot  
Tags
 
Add a new tag
Caveats
  • Supply blocks, unpowered buildings, or Contaminate may cause inaccurate times.
  • Supply counts are checked every 10 seconds.